 Dungeon Crawl Stone Soup version 0.29.1-15-g9cfb28693d (webtiles) character file.

Game seed: 11356344307357614525

1620 croobank the Firebug (level 8, -3/52 HPs)
             Began as a Demonspawn Fire Elementalist on Apr 6, 2023.
             Was a Follower of Hepliaklqana.
             Engulfed by a steam dragon's steam (8 damage)
             ... on level 7 of the Dungeon.
             The game lasted 00:23:21 (9036 turns).

croobank the Firebug (Demonspawn Fire Elementalist) Turns: 9036, Time: 00:23:22

Health: -3/52      AC:  3    Str:  9    XL:     8   Next: 64%
Magic:  3/14       EV: 13    Int: 18    God:    Hepliaklqana [*.....]
Gold:   236        SH:  6    Dex: 14    Spells: 12/15 levels left

rFire   . . .      SeeInvis +   y - +0 war axe (flame)
rCold   . . .      Faith    .   g - +2 buckler
rNeg    . . .      Spirit   .   m - +0 robe
rPois   .          Reflect  .   h - +0 helmet
rElec   .          Harm     .   (no cloak)
rCorr   .          Rampage  .   (no gloves)
Will    .....                   (no boots)
Stlth   +++.......              (no amulet)
HPRegen 0.17/turn               u - ring of see invisible
MPRegen 0.14/turn               (no ring)

@: no status effects
A: reduced essence, demonic guardian 1, powered by death 1, demonic touch 2
a: Renounce Religion, Recall Ancestor, Ancestor Identity


You were on level 7 of the Dungeon.
You worshipped Hepliaklqana.
Hepliaklqana was aware of your devotion.
You visited 2 branches of the dungeon, and saw 8 of its levels.
You also visited: Ossuary.

You collected 236 gold pieces.

Inventory:

Hand Weapons
 a - a +3 whip of venom
 b - a +0 sling
 d - a +0 short sword
 j - a +0 trident
 q - a +1 scythe of freezing
 y - a +0 war axe of flaming (weapon)
Missiles
 i - 2 atropa-tipped darts
 l - 15 poisoned darts (quivered)
 p - 2 javelins
Armour
 g - a +2 buckler (worn)
 h - a +0 helmet (worn)
 k - a +0 leather armour
 m - a +0 robe (worn)
Jewellery
 e - an amulet of faith
 u - a ring of see invisible (left hand)
 z - a ring of ice
 G - a ring of ice
Wands
 x - a wand of acid (5)
Scrolls
 c - a scroll of immolation
 r - 2 scrolls of teleportation
 B - a scroll of vulnerability
Potions
 f - 5 potions of lignification
 n - 2 potions of cancellation
 o - a potion of heal wounds
 s - a potion of invisibility
 t - 2 potions of resistance
 v - a potion of berserk rage
 w - 6 potions of curing
 A - a potion of haste {unknown}
 C - 2 potions of magic
 D - a potion of mutation {unknown}
 E - 3 potions of brilliance {unknown}
 F - a potion of might {unknown}
 H - a potion of flight {unknown}


   Skills:
 * Level 3.5 Fighting
 + Level 0.4 Axes
 * Level 4.0 Dodging
 * Level 4.3 Stealth
 + Level 2.3 Shields
 * Level 4.2 Spellcasting
 * Level 4.0 Conjurations
 * Level 4.6 Fire Magic
 * Level 4.1 Invocations


You had 12 spell levels left.
You knew the following spells:

 Your Spells              Type           Power      Damage    Failure   Level
a - Foxfire               Conj/Fire      76%        2x1d7     3%          1
b - Scorch                Fire           40%        2d7       4%          2

Your spell library contained the following spells:

 Spells                   Type           Power      Damage    Failure   Level
 Conjure Flame            Conj/Fire      19%        6-21      10%         3
 Inner Flame              Hex/Fire       12%        N/A       22%         3
 Blink                    Tloc           6%         N/A       28%         2
 Flame Wave               Conj/Fire      19%        2d7       32%         4
 Gell's Gravitas          Tloc           3%         N/A       50%         3
 Lesser Beckoning         Tloc           3%         N/A       50%         3
 Teleport Other           Tloc           3%         N/A       50%         3
 Summon Ice Beast         Ice/Summ       3%         N/A       88%         4
 Manifold Assault         Tloc           3%         N/A       99%         5
 Summon Mana Viper        Hex/Summ       3%         N/A       99%         5
 Monstrous Menagerie      Summ           1%         N/A       100%        7


Dungeon Overview and Level Annotations

Branches:
Dungeon (7/15)             Temple (1/1) D:4         Ossuary (visited)

Altars:
Cheibriados
Dithmenos
Fedhas
Gozag
Hepliaklqana
Kikubaaqudgha
Makhleb
Nemelex Xobeh
Qazlal
Ru
Sif Muna
Trog
Uskayaw
Vehumet
Wu Jian
Yredelemnul

Shops:
D:2 *   D:4 (


Innate Abilities, Weirdness & Mutations

Your life essence is reduced to manifest your ancestor. (-10% HP)
A weak demonic guardian rushes to your aid.
You regenerate a little health from kills.
Your touch may inflict irresistible damage on your foes.


Message History

The ball of steam hits Uctred!
Uctred resists.
The ball of steam hits you!! The ball of steam hits your foxfire.
Your foxfire resists.
Casting: Scorch (safe; 4% risk of failure)
Confirm with . or Enter, or press ? or * to list all spells.
Flames lash the steam dragon.
The steam dragon is moderately wounded.
The steam dragon bites Uctred but does no damage.
The steam dragon closely misses Uctred.
Casting: Scorch (safe; 4% risk of failure)
Confirm with . or Enter, or press ? or * to list all spells.
Flames lash the steam dragon.
The steam dragon is burned terribly!
The steam dragon is moderately wounded.
The foxfire hits the steam dragon.
The steam dragon is heavily wounded.
Uctred hits the steam dragon but does no damage.
The steam dragon bites Uctred.
The steam dragon barely misses Uctred.
Casting: Scorch (safe; 4% risk of failure)
Confirm with . or Enter, or press ? or * to list all spells.
Flames lash the steam dragon.
The steam dragon is burned terribly!
The steam dragon is severely wounded.
You are engulfed in a cloud of scalding steam.
Uctred closely misses the steam dragon.
The steam dragon bites Uctred!
The steam dragon claws Uctred.
Casting: Scorch (safe; 4% risk of failure)
Confirm with . or Enter, or press ? or * to list all spells.
Flames lash the steam dragon.
The steam dragon is burned terribly!
The steam dragon is almost dead.
Uctred closely misses the steam dragon.
The steam dragon breathes steam at you.
The ball of steam hits Uctred!
Uctred resists.
Uctred is destroyed!
The ball of steam hits you!!
* * * LOW HITPOINT WARNING * * *
A demonic guardian appears!
You swap places.
You are engulfed in a cloud of scalding steam.
You die...

.####.#.###.).......
.....................
##.####.#.###.########
....###.#.#.#.#
#..........#.#
#.D###.#.#.#.#
#.§###.#.#.#..
#.§.##.#.#.#..
#..5@#R#.#.#..
#..#§§.#.#.#
#:.##§.#.#.. #..
#....... #.. ##.#.#
... #.#.# .#.. #.# #
.... #.# ...


You could see a steam dragon (catching breath, combustible) and a friendly
ufetubus (summoned).

Vanquished Creatures
  Sigmund (Temple)
  A centaur (D:7)
  A phantom (D:4)
  An elf zombie (Ossuary)
  A bullfrog (D:6)
  3 scorpions
  A howler monkey (D:7)
  A quasit (D:4)
  A hound (D:4)
  An orc priest (D:3)
  2 centaur zombies (Ossuary)
  5 iguanas
  A mummy (Ossuary)
  12 adders
  2 shadow imps (D:4)
  2 white imps (D:4)
  2 ufetubi
  A worm (D:2)
  An adder zombie (Ossuary)
  4 dart slugs
  18 orcs
  5 ball pythons
  9 endoplasms
  2 giant cockroaches (D:2)
  6 hobgoblins
  2 jackals (D:5)
  7 kobolds
  2 quokkas
  10 bats
  2 frilled lizards
  11 goblins
  9 hobgoblin zombies (Ossuary)
  9 kobold zombies (Ossuary)
  6 orc zombies (Ossuary)
  6 rats
148 creatures vanquished.

Vanquished Creatures (collateral kills)
  2 bullfrogs (D:7)
  2 elf zombies (Ossuary)
  A quasit (D:4)
  A hound (D:6)
  A human zombie (Ossuary)
  A mummy (Ossuary)
  A white imp (D:4)
  An adder zombie (Ossuary)
  3 orcs
  A goblin zombie (Ossuary)
  2 hobgoblin zombies (Ossuary)
  A kobold zombie (Ossuary)
  An orc zombie (Ossuary)
18 creatures vanquished.

Vanquished Creatures (others)
  An ancestor (D:7)
  A demonic plant (D:4)
  255 foxfires
  3 plants (D:5)
260 creatures vanquished.

Grand Total: 426 creatures vanquished

Notes
Turn   | Place    | Note
-------+----------+-------------------------------------------
     0 | D:1      | croobank the Demonspawn Fire Elementalist began the quest
                  | for the Orb.
     0 | D:1      | Reached XP level 1. HP: 13/13 MP: 3/3
   410 | D:1      | Gained mutation: Your touch may inflict minor irresistible
                  | damage on your foes. [demonic ancestry]
   410 | D:1      | Reached XP level 2. HP: 19/19 MP: 3/5
  1130 | D:2      | Learned a level 2 spell: Scorch
  1130 | D:2      | Found Siud Sua's General Store.
  1217 | D:2      | Reached XP level 3. HP: 24/24 MP: 2/6
  2575 | D:3      | Found a sparkling altar of Nemelex Xobeh.
  2674 | D:3      | Gained mutation: A weak demonic guardian rushes to your
                  | aid. [demonic ancestry]
  2674 | D:3      | Reached XP level 4. HP: 31/31 MP: 2/7
  3061 | D:3      | Gained mutation: You regenerate a little health from kills.
                  | [demonic ancestry]
  3061 | D:3      | Reached XP level 5. HP: 27/36 MP: 1/8
  3125 | D:3      | Reached skill level 1 in Fighting
  3226 | D:3      | Found a shadowy altar of Dithmenos.
  3727 | D:4      | Found Plog's Antique Weapon Emporium.
  3730 | D:4      | Noticed Sigmund
  3740 | D:4      | Found a staircase to the Ecumenical Temple.
  3749 | Temple   | Entered the Ecumenical Temple
  3750 | Temple   | Killed Sigmund
  3751 | Temple   | Reached skill level 1 in Shields
  3751 | Temple   | Gained mutation: Your touch may inflict irresistible damage
                  | on your foes. [demonic ancestry]
  3751 | Temple   | Reached XP level 6. HP: 33/44 MP: 5/10
  3920 | Temple   | Became a worshipper of Hepliaklqana the Forgotten
  4280 | D:4      | Reached skill level 1 in Invocations
  4838 | D:4      | Reached XP level 7. HP: 50/50 MP: 8/11
  5945 | D:5      | Entered Level 5 of the Dungeon
  7015 | D:5      | Reached * piety under Hepliaklqana
  7561 | D:6      | Found a sand-covered staircase.
  7574 | Ossuary  | Entered an ossuary
  7940 | Ossuary  | Reached XP level 8. HP: 51/51 MP: 0/13
  9036 | D:7      | Engulfed by a steam dragon's steam

Illustrated notes

Levels and vault maps discovered:
D:1:      dpeg_chamrin_arrival_tetris, layout_basic
D:2:      layout_loops_corners, serial_shops, shop, kennysheep_another_room,
          minmay_misc_feat_alley
D:3:      layout_loops_ring, nemelex_spade_bored_becter,
          nicolae_dithmenos_through_a_glass_darkly, minmay_between
D:4:      layout_basic, temple_statues, serial_demonic, serial_demonic_e,
          serial_demonic_e, serial_demonic_c, serial_demonic_a,
          serial_demonic_e, serial_demonic_f, serial_demonic_d,
          serial_demonic_b, serial_shops, shop, minmay_misc_feat_iff,
          corexii_hall_statues_l, uniq_sigmund
D:5:      corexii_shack_village, layout_basic, kennysheep_generic_room_3
D:6:      layout_basic, enter_ossuary_2
D:7:      layout_basic, xom_redecorated, serial_shops, shop, kennysheep_boxes
Temple:   minmay_temple_bridge_d

Skill      XL: |  1  2  3  4  5  6  7  8 |
---------------+-------------------------+-----
Stealth        | 2 3 4 |  4.3
Dodging        | 2 3 4 |  4.0
Fire Magic     | 3 4 |  4.6
Conjurations   | 2 3 4 |  4.0
Fighting       | 1 2 3 |  3.5
Shields        | 1 2 |  2.3
Spellcasting   | 3 4 |  4.2
Invocations    | 1 3 4 |  4.1
Axes           | |  0.4

Action                   |  1- 3 |  4- 6 |  7- 9 || total
-------------------------+-------+-------+-------++-------
Melee: Short sword       |     3 |       |    15 ||    18
       Touch             |     1 |     2 |       ||     3
       Whip              |       |    38 |    26 ||    64
       War axe           |       |       |    60 ||    60
 Cast: Foxfire           |    51 |    34 |    64 ||   149
       Scorch            |    13 |    31 |    59 ||   103
Invok: Ancestor Identity |       |       |     1 ||     1
  Use: Scroll            |     3 |     6 |     9 ||    18
       Potion            |       |     1 |     3 ||     4
 Stab: Sleeping          |       |     1 |     4 ||     5
Armor: Robe              |     1 |    24 |    10 ||    35
       Skin              |       |       |    58 ||    58
Dodge: Dodged            |     4 |    67 |    62 ||   133
Block: Buckler           |       |    16 |    52 ||    68
